 Dungeon Crawl Stone Soup version 0.30.0-5-g1a98f26d00 (webtiles) character file.

Game seed: 2680663064743791832

296 Foic the Sneak (level 6, 0/37 HPs)
             Began as a Kobold Brigand on May 11, 2023.
             Killed by nerve-wracking pain
             ... invoked by an orc priest
              (10 damage)
             ... on level 4 of the Dungeon.
             The game lasted 00:12:54 (3107 turns).

Foic the Sneak (Kobold Brigand)                     Turns: 3107, Time: 00:12:54

Health: 0/37       AC:  6    Str:  8    XL:     6   Next: 61%
Magic:  6/6        EV: 16    Int: 12    God:
Gold:   139        SH:  0    Dex: 25    Spells: 5/5 levels left

rFire   . . .        a - +2 dagger
rCold   . . .        (no shield)
rNeg    . . .        b - +0 robe
rPois   .            h - +1 helmet
rElec   .            c - +0 cloak
rCorr   .            (no gloves)
SInv    +            k - +0 pair of boots
Will    .....        (no amulet)
Stlth   +++++        f - ring of see invisible
HPRegen 0.26/turn    v - +6 ring of dexterity
MPRegen 0.10/turn

%: no passive effects
@: no status effects
A: small, no large weapons, nightstalker 3
a: no special abilities


You were on level 4 of the Dungeon.
You visited 1 branch of the dungeon, and saw 4 of its levels.

You collected 139 gold pieces.

Inventory:

Hand Weapons
 a - a +2 dagger (weapon)
 u - a +1 dagger of freezing
 B - a +2 quarterstaff of chaos
Missiles
 d - 9 poisoned darts
 e - 3 curare-tipped darts (quivered)
 g - 38 stones
 m - 4 boomerangs
Armour
 b - a +0 robe (worn)
 c - a +0 cloak (worn)
 h - a +1 helmet (worn)
 k - a +0 pair of boots (worn)
 y - an orb of energy
Jewellery
 f - a ring of see invisible (left hand)
 n - a ring of wizardry
 v - a +6 ring of dexterity (right hand)
Wands
 A - a wand of digging (6)
Scrolls
 i - a scroll of magic mapping
 r - 5 scrolls of identify
 x - a scroll of brand weapon {unknown}
 z - a scroll of noise {unknown}
 C - a scroll of summoning {unknown}
 D - a scroll of enchant weapon {unknown}
 E - a scroll of poison {unknown}
Potions
 l - a potion of flight
 o - 2 potions of curing
 p - a potion of haste
 w - 3 potions of degeneration {unknown}


   Skills:
 + Level 3.4 Fighting
 * Level 5.1 Short Blades
 - Level 2.1 Throwing
 + Level 3.2 Dodging
 * Level 7.5 Stealth


You had 5 spell levels left.
You didn't know any spells.
Your spell library contained the following spells:

 Spells                   Type           Power      Damage    Failure   Level
 Beastly Appendage        Tmut           0%         N/A       32%         1
 Shock                    Conj/Air       0%         1d3       32%         1
 Ensorcelled Hibernation  Hex/Ice        0%         N/A       45%         2
 Passwall                 Tmut/Erth      0%         N/A       45%         2
 Wereblood                Tmut           0%         N/A       45%         2
 Spider Form              Tmut/Pois      0%         N/A       69%         3
 Swiftness                Air            0%         N/A       69%         3
 Airstrike                Air            0%         2d(0-16)  97%         4


Dungeon Overview and Level Annotations

Branches:
Dungeon (4/15)
 Temple: D:4-7

Altars:

Shops:
D:3 ?


Innate Abilities, Weirdness & Mutations

You are small and have problems with some larger weapons.
You are completely attuned to the shadows.


Message History

There is an open door here.
The ball python closely misses you. x2
You hit the ball python.
The ball python is severely wounded.
The ball python barely misses you. The ball python closely misses you.
You hit the ball python.
You kill the ball python!
The orc misses you.
You see here a ball python corpse.
The orc attacks as you move away! The orc hits you but does no damage.
The orc hits you with a +0 whip.
There is an open door, spattered with blood here.
The orc attacks as you move away! The orc misses you.
You hit the orc.
The orc is moderately wounded.
The orc hits you with a +0 whip.
You completely miss the orc.
The orc is moderately wounded.
You hit the orc.
The orc is severely wounded.
The orc barely misses you. x2
You hit the orc.
You kill the orc!
The orc priest invokes the aid of Beogh against you.
You barely resist. The orc closely misses you.
There is an open door, spattered with blood here.
You see here a +0 club.
You hit the orc priest.
The orc priest is lightly wounded.
The orc priest hits you with a +0 flail!
* * * LOW HITPOINT WARNING * * *
The orc completely misses you.
You barely miss the orc priest.
The orc priest is lightly wounded.
The orc closely misses you.
The orc priest looks satisfied for a moment.
The orc attacks as you move away! The orc closely misses you.
The orc priest invokes the aid of Beogh against you.
Pain shoots through your body!
You die...

......... ...............#
......... ...............#
....).... ###'####......#
......#+####......#......#
....o.+...#.......#......#
....o.#...#.......#......#
####o##.o.#.......#......#
.....###)###'######......#
.....##.o@##.##...##.....#
......†............#.....#
#..................#.....#
#..................#.....#
#....##......##....#.....#
#....##......##....#.....#
#............#.....#.†...#
#............#.....'.....#
#............'.....#.....#


You could see an orc priest and an orc.

Vanquished Creatures
  A scorpion (D:3)
  Crazy Yiuf (D:3)
  An iguana (D:3)
  A gnoll (D:1)
  5 adders
  A shadow imp (D:4)
  A white imp (D:4)
  2 ufetubi (D:4)
  A worm (D:2)
  3 dart slugs
  6 orcs
  10 endoplasms
  3 giant cockroaches
  7 goblins
  6 hobgoblins
  A jackal (D:2)
  8 kobolds
  4 quokkas
  14 ball pythons
  8 bats
  3 frilled lizards
  5 rats
92 creatures vanquished.

Notes
Turn   | Place    | Note
-------+----------+-------------------------------------------
     0 | D:1      | Foic the Kobold Brigand began the quest for the Orb.
     0 | D:1      | Reached XP level 1. HP: 12/12 MP: 1/1
     7 | D:1      | Noticed a black bear
     7 | D:1      | Noticed a wyvern
   169 | D:1      | Reached XP level 2. HP: 18/18 MP: 2/2
   224 | D:1      | Found a faded altar of an unknown god.
   382 | D:1      | Reached XP level 3. HP: 22/22 MP: 3/3
   622 | D:1      | Reached skill level 6 in Stealth
   884 | D:2      | Reached XP level 4. HP: 27/27 MP: 4/4
  1724 | D:3      | Reached XP level 5. HP: 32/32 MP: 5/5
  1821 | D:3      | Found a runed translucent door.
  1824 | D:3      | Noticed Crazy Yiuf
  1834 | D:3      | Killed Crazy Yiuf
  1957 | D:3      | Found Riohuowu's Magic Scroll Boutique.
  2315 | D:3      | Reached skill level 7 in Stealth
  2315 | D:3      | Reached XP level 6. HP: 21/37 MP: 6/6
  2755 | D:4      | Reached skill level 5 in Short Blades
  3107 | D:4      | Killed from afar by an orc priest

Illustrated notes

Levels and vault maps discovered:
D:1:      onia_arrival_zoo_common, layout_basic,
          nicolae_ecumenical_snake_handling, grunt_decor_arrowhead, minivault_4,
          kennysheep_doodads
D:2:      layout_basic, kennysheep_generic_room_2
D:3:      layout_loops_ring, serial_shops, shop, minmay_bisected,
          uniq_crazy_yiuf_cottage
D:4:      layout_gridville, mainiacjoe_overflow_boulevard,
          mainiacjoe_overflow_concentric_impassable, serial_demonic,
          serial_demonic_e, serial_demonic_e, serial_demonic_d,
          serial_demonic_e, serial_demonic_b, serial_demonic_b

Skill      XL: |  1  2  3  4  5  6 |
---------------+-------------------+-----
Short Blades   | 3 4 5 |  5.1
Dodging        | 2 3 |  3.2
Stealth        | 6 7 |  7.5
Fighting       | 3 |  3.4
Throwing       | |  2.1

Action                     |  1- 3 |  4- 6 || total
---------------------------+-------+-------++-------
  Melee: Dagger            |    69 |   142 ||   211
         Punch             |       |     1 ||     1
  Throw: Dart              |     1 |     2 ||     3
         Stone             |     2 |     4 ||     6
    Use: Potion            |       |     9 ||     9
         Scroll            |       |     4 ||     4
   Stab: Sleeping          |    16 |    30 ||    46
 Armour: Robe              |    14 |    31 ||    45
  Dodge: Dodged            |    49 |   151 ||   200
